 Dungeon Crawl Stone Soup version 0.28-b1-25-g9875b3f (webtiles) character file.

Game seed: 14664102057264145202

296 Buxparty the Skirmisher (level 6, 0/57 HPs)
             Began as a Hill Orc Fighter on Feb 2, 2022.
             Slain by an adder (1 damage)
             ... on level 4 of the Dungeon.
             The game lasted 00:07:59 (4344 turns).

Buxparty the Skirmisher (Hill Orc Fighter)          Turns: 4344, Time: 00:08:00

Health: 0/57       AC:  7    Str: 21    XL:     6   Next: 35%
Magic:  6/6        EV:  9    Int:  8    God:
Gold:   141        SH:  4    Dex: 10    Spells: 5/5 levels left

rFire   . . .      SeeInvis .   a - +0 war axe
rCold   . . .      Faith    .   c - +0 buckler
rNeg    . . .      Spirit   .   b - +0 scale mail
rPois   .          Reflect  .   (no helmet)
rElec   .          Harm     .   (no cloak)
rCorr   .          Rampage  .   (no gloves)
Will    .....                   (no boots)
Stlth   ..........              (no amulet)
HPRegen 0.19/turn               (no ring)
MPRegen 0.10/turn               (no ring)

@: no status effects
A: no striking features
a: no special abilities


You were on level 4 of the Dungeon.
You visited 1 branch of the dungeon, and saw 4 of its levels.
You also visited: Sewer.

You collected 141 gold pieces.

Inventory:

Hand Weapons
 a - a +0 war axe (weapon)
Armour
 b - a +0 scale mail (worn)
 c - a +0 buckler (worn)
Scrolls
 f - a scroll of vulnerability {unknown}
 h - a scroll of fog {unknown}
 i - 3 scrolls of identify {unknown}
 l - 2 scrolls of teleportation {unknown}
 o - a scroll of immolation {unknown}
 r - a scroll of fear {unknown}
Potions
 d - a potion of might
 e - a potion of berserk rage {unknown}
 g - 5 potions of heal wounds {unknown}
 j - a potion of magic {unknown}
 k - a potion of attraction {unknown}
 m - 2 potions of cancellation {unknown}
 n - 2 potions of brilliance {unknown}
 p - 2 potions of curing {unknown}
 q - a potion of mutation {unknown}


   Skills:
 + Level 5.6 Fighting
 + Level 5.4 Axes
 + Level 5.0 Armour
 - Level 3.2 Shields


You had 5 spell levels left.
You didn't know any spells.
Your spell library was empty.

Dungeon Overview and Level Annotations

Branches:
Dungeon (4/15)              Sewer (visited)
 Temple: D:4-7

Altars:

Annotations:
D:4 Sigmund


Message History

The ball python grabs you. The ball python constricts you.
* * * LOW HITPOINT WARNING * * *
You escape the ball python's grasp.
Found a scroll labelled IJIGEVE TUTAMA.
Sigmund mumbles some strange words.
Sigmund flickers and vanishes!
Deactivating autopickup; reactivate with Ctrl-A.
A gnoll comes into view. It is wielding a +0 spear.
You see here 13 gold pieces.
A gnoll comes into view. It is wielding a +0 club.
The gnoll shouts!
You block the gnoll's attack. The gnoll hits you with a +0 club.
* * * LOW HITPOINT WARNING * * *
The howler monkey hoots and howls with incredible vigour!
You hear a shout!
You hear an angry hiss.
An orc comes into view. It is wielding a +0 flail.
The howler monkey hoots and howls with incredible vigour!
The gnoll throws a stone.
The stone hits you.
* * * LOW HITPOINT WARNING * * *
An adder comes into view.
Found 2 murky white potions.
You block the adder's attack.
The gnoll throws a stone.
The stone hits you but does no damage.
An adder comes into view.
You block the gnoll's attack. The adder bites you but does no damage.
Found a stone staircase leading up.
Found a pair of gloves and 20 stones.
You block the adder's attack.
The howler monkey hoots and howls with incredible vigour!
A quokka comes into view.
Found an escape hatch in the floor.
The adder bites you but does no damage.
The howler monkey hoots and howls with incredible vigour!
You hear an angry hiss.
There is a stone staircase leading up here.
The howler monkey hoots and howls with incredible vigour!
The adder barely misses you. The gnoll hits you but does no damage.
The gnoll hits you with a +0 club.
* * * LOW HITPOINT WARNING * * *
The adder bites you.
You die...

.. #.# .##..##
######.#.....
#..........#..
#..........#.#
#........^....
#.(...[.......
#....@........
.#....Sg........
....##rgSo.>.....#
.......S.#.......#.#
......h..#...........
....##..g###........#
...# #!S.#..........#
...
##.....#........## ..
#..............?.#


You could see a howler monkey (catching breath), 3 gnolls, 3 adders, an orc, a
quokka and a ball python.

Vanquished Creatures
  A hound skeleton (D:4)
  7 gnolls
  12 adders
  A river rat (Sewer)
  A worm (D:3)
  3 dart slugs
  An orc (D:3)
  4 bats
  6 endoplasms
  8 giant cockroaches
  10 goblins
  6 hobgoblins
  4 kobolds
  8 quokkas
  5 ball pythons
  7 frilled lizards
  A quokka skeleton (D:4)
  13 rats
98 creatures vanquished.

Notes
Turn   | Place    | Note
-------+----------+-------------------------------------------
     0 | D:1      | Buxparty the Hill Orc Fighter began the quest for the Orb.
     0 | D:1      | Reached XP level 1. HP: 19/19 MP: 1/1
   193 | D:1      | Reached XP level 2. HP: 22/27 MP: 2/2
   769 | D:1      | Reached XP level 3. HP: 32/33 MP: 3/3
  1545 | D:2      | Reached XP level 4. HP: 37/41 MP: 4/4
  1945 | D:2      | HP: 1/41 [gnoll (2)]
  2265 | D:2      | You fall into a shaft and drop 1 floor!
  2379 | D:3      | Found a glowing drain.
  2383 | Sewer    | Entered a sewer
  2651 | Sewer    | Reached XP level 5. HP: 47/47 MP: 5/5
  2896 | Sewer    | Reached skill level 5 in Fighting
  3586 | D:3      | Reached skill level 5 in Axes
  3647 | D:3      | Found a faded altar of an unknown god.
  3960 | D:2      | Reached XP level 6. HP: 49/56 MP: 6/6
  4270 | D:4      | Reached skill level 5 in Armour
  4323 | D:4      | Noticed Sigmund
  4331 | D:4      | HP: 2/57 [gnoll/stone (1)]
  4344 | D:4      | HP: 1/57 [gnoll (4)]
  4344 | D:4      | Slain by an adder

Illustrated notes

Levels and vault maps discovered:
D:1:      minmay_arrival_open_corners, layout_basic, serial_corexii_hall,
          corexii_hall_statues_l, corexii_hall_statues_i,
          chequers_hall_statues_wall_a, chequers_hall_statues_wall_a,
          corexii_hall_statues_i, corexii_hall_statues_x, st_stairs_2,
          hangedman_glass_teeth, minmay_tetromino_t2
D:2:      layout_basic
D:3:      layout_loops_ring, chequers_ecumenical_altar_twisty,
          gup_sewer_entry_spiral
D:4:      layout_rooms, minmay_temple_entry_slanted, uniq_sigmund

Skill      XL: |  1  2  3  4  5  6 |
---------------+-------------------+-----
Axes           | 3 4 5 |  5.4
Fighting       | 4 5 |  5.6
Armour         | 4 5 |  5.0
Shields        | |  3.2

Action                   |  1- 3 |  4- 6 || total
-------------------------+-------+-------++-------
Melee: War axe           |    88 |   244 ||   332
Armor: Scale mail        |    41 |   115 ||   156
Dodge: Dodged            |    39 |   129 ||   168
Block: Buckler           |    27 |    63 ||    90
